 Dungeon Crawl Stone Soup version 0.18.1-2-ga659475 (webtiles) character file.

1986 Mefis the Magician (level 9, -8/67 HPs)
             Began as a Deep Elf Wizard on May 8, 2016.
             Was an Initiate of Sif Muna.
             Killed from afar by a purple ugly thing (21 damage)
             ... with an exploding inner flame
             ... hexed by the player character
             ... on level 7 of the Dungeon.
             The game lasted 00:37:25 (9151 turns).

Mefis the Magician (Deep Elf Wizard)                Turns: 9151, Time: 00:37:26

Health: -8/67      AC: 24    Str:  4    XL:     9   Next: 1%
Magic:  2/21       EV:  2    Int: 27    God:    Sif Muna [......]
Gold:   307        SH:  0    Dex: 13    Spells: 10 memorised, 0 levels left

rFire  . . .     SeeInvis .     y - +2 dagger (drain)
rCold  . . .     Gourm    .     (armour currently unavailable)
rNeg   + + +     Faith    +     (no shield)
rPois  +         Spirit   .     (helmet currently unavailable)
rElec  .         Dismiss  .     (cloak currently unavailable)
rCorr  .         Reflect  .     (gloves currently unavailable)
SustAt .         Harm     .     (boots currently unavailable)
MR     .....     NoTele   +     l - amulet "Qil Ody" {Faith rN+ Slay+5}
Stlth  +++++++...               z - ring of stealth
                                J - ring of stealth

@: tree-form, very slightly contaminated, hasted, repel missiles, very quick,
not resistant to hostile enchantments, extremely stealthy
A: no striking features
a: Renounce Religion


You were on level 7 of the Dungeon.
You worshipped Sif Muna.
Sif Muna was noncommittal.
You were very hungry.
You were a tree.
You visited 2 branches of the dungeon, and saw 8 of its levels.

You collected 307 gold pieces.

Inventory:

Hand Weapons
 a - a +0 shortbow
 v - a +0 hunting sling
 y - a +2 dagger of draining (weapon)
Missiles
 i - 2 tomahawks (quivered)
 o - 52 arrows
 H - 14 poisoned needles
Armour
 b - a +0 hat (melded)
 D - a +0 pair of boots (melded)
 G - a +1 robe of the Archmagi (melded)
Jewellery
 g - an uncursed ring of ice
 l - the amulet "Qil Ody" (around neck) {Faith rN+ Slay+5}
   (You found it on level 6 of the Dungeon)

   [amulet of faith]

   It allows you to gain divine favour quickly.
   It affects your accuracy and damage with ranged weapons and melee attacks
   (+5).
   It protects you from negative energy.
 x - an uncursed amulet of magic regeneration
 z - a ring of stealth (right branch)
 E - an uncursed amulet of dismissal
 J - a ring of stealth (left branch)
Wands
 F - a wand of digging (12/24)
Scrolls
 e - a scroll of magic mapping
 h - 2 scrolls of enchant weapon
 m - 3 scrolls of noise
 n - a scroll of remove curse
Potions
 k - 5 potions of flight
 q - a potion of degeneration
Books
 c - a book of Minor Magic

   Spells                             Type                      Level
   a - Magic Dart                     Conjuration                  1
   b - Blink                          Translocation                2
   c - Call Imp                       Summoning                    2
   d - Repel Missiles                 Charms/Air                   2
   e - Slow                           Hexes                        2
   f - Conjure Flame                  Conjuration/Fire             3
   g - Mephitic Cloud                 Conjuration/Poison/Air       3
 j - a book of Unlife

   Spells                             Type                      Level
   a - Recall                         Summoning/Translocation      3
   b - Animate Dead                   Necromancy                   4
   c - Control Undead                 Necromancy                   4
   d - Cigotuvi's Embrace             Necromancy                   5
   e - Death Channel                  Necromancy                   6
   f - Simulacrum                     Ice/Necromancy               6
 A - Kikubaaqudgha's Guide on Darkness
   (Kikubaaqudgha gifted it to you on level 3 of the Dungeon)

   Spells                             Type                      Level
   a - Animate Skeleton               Necromancy                   1
   b - Corpse Rot                     Necromancy                   2
   c - Sublimation of Blood           Necromancy                   2
   d - Vampiric Draining              Necromancy                   3
   e - Control Undead                 Necromancy                   4
 L - Kikubaaqudgha's Handbook of Unholy Magic
   (Kikubaaqudgha gifted it to you on level 6 of the Dungeon)

   Spells                             Type                      Level
   a - Agony                          Necromancy                   5
   b - Cigotuvi's Embrace             Necromancy                   5
   c - Dispel Undead                  Necromancy                   5
   d - Simulacrum                     Ice/Necromancy               6
   e - Death Channel                  Necromancy                   6
Comestibles
 d - 4 bread rations
 s - 3 beef jerkies
 t - 7 fruits
 u - 6 meat rations
 C - a slice of pizza


   Skills:
 + Level 5.5 Dodging
 + Level 6.3 Stealth
 + Level 7.1 Spellcasting
 + Level 4.2 Conjurations
 + Level 4.1 Summonings
 + Level 4.0 Necromancy
 + Level 4.1 Translocations
 + Level 3.4 Fire Magic
 + Level 3.4 Poison Magic
 + Level 0.2 Invocations


You couldn't memorise any spells.
You knew the following spells:

 Your Spells              Type           Power        Failure   Level  Hunger
a - Magic Dart            Conj           ####         1%          1    None
b - Call Imp              Summ           ####....     1%          2    None
c - Blink                 Tloc           N/A          1%          2    None
d - Repel Missiles        Chrm/Air       #.....       12%         2    None
e - Mephitic Cloud        Conj/Pois/Air  ###.....     10%         3    None
f - Conjure Flame         Conj/Fire      ####....     3%          3    None
g - Animate Skeleton      Necr           N/A          1%          1    None
h - Animate Dead          Necr           N/A          14%         4    ##.....
q - Sublimation of Blood  Necr           ####......   1%          2    None
r - Corpse Rot            Necr           N/A          1%          2    None


Dungeon Overview and Level Annotations

Branches:
Dungeon (7/15)             Temple (1/1) D:6

Altars:
Ashenzari
Cheibriados
Dithmenos
Elyvilon
Fedhas
Kikubaaqudgha
Makhleb
Nemelex Xobeh
Okawaru
Pakellas
Qazlal
Ru
Sif Muna
Trog
Vehumet
Xom
Yredelemnul
Zin
The Shining One

Shops:
D:4 (   D:5 (


Message History

You hit the cyan ugly thing. You drain the cyan ugly thing!
The cyan ugly thing is almost dead.
The cyan ugly thing pecks you but does no damage.
You barely miss the cyan ugly thing.
The cyan ugly thing is almost dead.
The cyan ugly thing basks in your mutagenic energy and changes!
Press: ? - help, v - describe, . - travel The floor.
Press: ? - help, v - describe, . - travel
Here: a purple ugly thing (almost dead, lightly drained, inner flame)
The floor.
You hit the purple ugly thing.
The purple ugly thing is almost dead.
You hit the purple ugly thing but do no damage.
You drain the purple ugly thing!
The purple ugly thing is almost dead.
You hit the purple ugly thing.
The purple ugly thing explodes!
The fiery explosion engulfs you!
You die...

#. . ## ## .##.
..... ... ...
###### #.###
#....#
#...###.♣§§#
#..##.§§§#
#####§##.§§§#
##...#..§....#
##.....###..<.#
###.......##....#
................#
. #.......#.....#
#.
##.....##..>.##


There were no monsters in sight!

Vanquished Creatures
  2 phantoms (D:6)
  4 ogres
  A centaur (D:6)
  2 giant frogs
  A scorpion (D:6)
  2 howler monkeys
  3 crimson imps
  A hound (D:6)
  2 jellies
  2 giant frog skeletons
  A giant frog zombie (D:6)
  4 orc priests
  9 orc wizards
  An iguana (D:6)
  3 worker ants
  4 gnolls (D:2)
  8 adders
  2 shadow imps
  An ooze (D:1)
  A worm (D:2)
  2 dart slugs (D:1)
  2 giant geckos
  21 orcs
  8 bats
  4 giant cockroaches
  4 hobgoblins
  6 jackals
  4 quokkas
  A ball python (D:5)
  A giant cockroach zombie (D:5)
  7 giant newts
  10 goblins
  10 kobolds
  5 rats
139 creatures vanquished.

Vanquished Creatures (collateral kills)
  Edmund (D:4)
  A black bear (D:6)
  A giant frog (D:7)
  An orc priest (D:7)
  An orc wizard (D:7)
  A worm (D:4)
  3 orcs
9 creatures vanquished.

Vanquished Creatures (others)
  A sky beast (D:5)
1 creature vanquished.

Grand Total: 149 creatures vanquished

Notes
Turn   | Place    | Note
--------------------------------------------------------------
     0 | D:1      | Mefis the Deep Elf Wizard began the quest for the Orb.
     0 | D:1      | Reached XP level 1. HP: 10/10 MP: 7/7
   419 | D:1      | Reached XP level 2. HP: 12/15 MP: 6/9
   423 | D:1      | Learned a level 2 spell: Call Imp
   426 | D:1      | Learned a level 2 spell: Blink
   429 | D:1      | Learned a level 2 spell: Repel Missiles
  1044 | D:1      | Reached XP level 3. HP: 19/19 MP: 7/11
  1049 | D:1      | Learned a level 3 spell: Mephitic Cloud
  1493 | D:2      | Reached skill level 5 in Spellcasting
  1636 | D:2      | Reached XP level 4. HP: 8/24 MP: 0/13
  1641 | D:2      | Learned a level 3 spell: Conjure Flame
  2135 | D:2      | Found an ancient bone altar of Kikubaaqudgha.
  2148 | D:2      | Became a worshipper of Kikubaaqudgha
  2273 | D:2      | Found a burning altar of Makhleb.
  2277 | D:2      | Found a snail-covered altar of Cheibriados.
  2278 | D:2      | Found a sparkling altar of Nemelex Xobeh.
  2433 | D:2      | Found a blossoming altar of Fedhas.
  3685 | D:3      | Reached * piety under Kikubaaqudgha
  3685 | D:3      | Received a gift from Kikubaaqudgha
  3686 | D:3      | Identified Kikubaaqudgha's Guide on Darkness (Kikubaaqudgha gifted it to you on level 3 of the Dungeon)
  3950 | D:4      | Noticed Edmund
  4002 | D:4      | Killed Edmund
  4002 | D:4      | Reached skill level 1 in Necromancy
  4002 | D:4      | Reached XP level 5. HP: 28/28 MP: 2/14
  4006 | D:4      | Learned a level 1 spell: Animate Skeleton
  4049 | D:4      | Reached skill level 1 in Fire Magic
  4049 | D:4      | Reached skill level 1 in Poison Magic
  4075 | D:4      | Noticed an ogre
  4087 | D:4      | Killed an ogre
  4087 | D:4      | Reached XP level 6. HP: 32/32 MP: 2/16
  4376 | D:4      | Found Haenaaf's Weapon Shoppe.
  4458 | D:5      | Entered Level 5 of the Dungeon
  4472 | D:5      | Killed a sky beast
  4504 | D:5      | Found a shattered altar of Ashenzari.
  5093 | D:5      | Found a radiant altar of Vehumet.
  5163 | D:5      | Found Dunuil's Weapon Shoppe.
  5458 | D:5      | Reached XP level 7. HP: 34/36 MP: 17/17
  6134 | D:5      | Reached skill level 6 in Spellcasting
  6419 | D:6      | Reached skill level 5 in Stealth
  6528 | D:6      | Reached ** piety under Kikubaaqudgha
  6528 | D:6      | Reached XP level 8. HP: 41/41 MP: 2/19
  6532 | D:6      | Learned a level 2 spell: Sublimation of Blood
  6733 | D:6      | Got a jewelled chain mail
  6744 | D:6      | Identified the cursed +0 chain mail "Lycy" {rN+ Str+2} (You found it on level 6 of the Dungeon)
  7072 | D:6      | Reached skill level 5 in Dodging
  7156 | D:6      | Got a steaming ruby amulet
  7158 | D:6      | Identified the amulet "Qil Ody" {Faith rN+ Slay+5} (You found it on level 6 of the Dungeon)
  8276 | D:6      | Reached skill level 7 in Spellcasting
  8470 | D:6      | Found a staircase to the Ecumenical Temple.
  8553 | D:6      | Reached *** piety under Kikubaaqudgha
  8553 | D:6      | Received a gift from Kikubaaqudgha
  8554 | D:6      | Identified Kikubaaqudgha's Handbook of Unholy Magic (Kikubaaqudgha gifted it to you on level 6 of the Dungeon)
  8730 | Temple   | Entered the Ecumenical Temple
  8781 | Temple   | Fell from the grace of Kikubaaqudgha
  8781 | Temple   | Became a worshipper of Sif Muna the Loreminder
  8866 | D:7      | Noticed a cyan ugly thing
  9088 | D:7      | Reached XP level 9. HP: 45/45 MP: 15/21
  9100 | D:7      | Learned a level 4 spell: Animate Dead
  9103 | D:7      | Learned a level 2 spell: Corpse Rot
  9151 | D:7      | Killed a purple ugly thing
  9151 | D:7      | Killed from afar by a purple ugly thing

Skill      XL: |  1  2  3  4  5  6  7  8 |
---------------+-------------------------+-----
Stealth        | 3 4 5 6 |  6.3
Dodging        | 3 4 5 |  5.5
Spellcasting   | 5 6 7 |  7.1
Conjurations   | 2 3 4 |  4.2
Necromancy     | 1 2 3 4 |  4.0
Summonings     | 2 3 4 |  4.1
Fire Magic     | 1 2 3 |  3.4
Poison Magic   | 1 2 3 |  3.4
Translocations | 2 3 4 |  4.1
Invocations    | |  0.2

Action                   |  1- 3 |  4- 6 |  7- 9 || total
-------------------------+-------+-------+-------++-------
Melee: Dagger            |     5 |    19 |    18 ||    42
Throw: Tomahawk          |       |     1 |       ||     1
 Cast: Magic Dart        |    86 |   135 |   259 ||   480
       Repel Missiles    |     1 |       |     2 ||     3
       Mephitic Cloud    |     2 |     8 |    26 ||    36
       Call Imp          |     1 |    11 |     5 ||    17
       Blink             |     1 |     3 |    11 ||    15
       Conjure Flame     |       |     1 |     6 ||     7
       Animate Skeleton  |       |     1 |    13 ||    14
       Sublimation of Bl |       |       |     6 ||     6
  Use: Scroll            |       |     4 |     5 ||     9
       Potion            |       |     5 |     3 ||     8
 Stab: Distracted        |     1 |       |       ||     1
       Sleeping          |     1 |     9 |     2 ||    12
       Invisible         |       |     2 |       ||     2
  Eat: Chunk             |     2 |    12 |     6 ||    20
       Bread ration      |       |       |     1 ||     1
Armor: Robe              |    12 |     2 |    11 ||    25
       Skin              |       |       |     5 ||     5
Dodge: Dodged            |    37 |    34 |    56 ||   127
       Deflected         |       |       |     4 ||     4
